 Dungeon Crawl Stone Soup version 0.31-a0-819-gf6de2f5ab6 (webtiles) character file.

Game seed: 18324147733753074424

24233 Leeroy the Metamorph (level 12, 0/118 HPs)
             Began as a Troll Shapeshifter on Sept 23, 2023.
             Was an Elder of Wu Jian.
             Slain by Amaemon
             ... wielding a -1 demon whip of venom
              (1 damage)
             ... on level 2 of the Lair of Beasts.
             The game lasted 00:28:00 (12411 turns).

Leeroy the Metamorph (Troll Shapeshifter)          Turns: 12411, Time: 00:28:00

Health: 0/118      AC:  6    Str: 29    XL:     12   Next: 78%
Magic:  11/11      EV: 11    Int:  6    God:    Wu Jian [****..]
Gold:   549        SH:  0    Dex:  9    Spells: 11/11 levels left

rFire   . .          .
                       - Unarmed
rCold   . . .        (no shield)
rNeg    + . .        g - melded +2 robe {rC+ rF+}
rPois   .            (helmet restricted)
rElec   .            (no cloak)
rCorr   .            (gloves unavailable)
SInv    .            (boots unavailable)
Will    .....        C - amulet "Agulaf" {rN+ Regen+}
Stlth   +            i - ring of flight
HPRegen 1.99/turn    r - +4 ring of protection
MPRegen 0.12/turn

%: no passive effects
@: confused, lethally poisoned (0 -> -22), maw-form, ambrosia-drunk, attractive,
flying
A: devouring maw, large, unfitting armour, claws 3, regeneration 1, shaggy fur
1, tough skin 1
a: Begin Untransformation, Renounce Religion, Wall Jump, Serpent's Lash


You were on level 2 of the Lair of Beasts.
You worshipped Wu Jian.
Wu Jian was greatly pleased with you.
You were a creature with a mouth for a stomach.
You visited 4 branches of the dungeon, and saw 17 of its levels.

You collected 549 gold pieces.

Inventory:

Hand Weapons
 S - a +0 giant spiked club
Missiles
 o - 16 large rocks
 E - 2 throwing nets
 N - a curare-tipped dart
Armour
 a - a +0 animal skin
 g - a +2 robe of resistance (melded)
Jewellery
 i - a ring of flight (left claw)
 q - a +6 ring of intelligence
 r - a +4 ring of protection (right claw)
 C - the amulet "Agulaf" (around neck) {rN+ Regen+}
   (You found it on level 7 of the Dungeon)

   [amulet of regeneration]

   rN+:       It protects you from negative energy.
   Regen+:    It increases your rate of health regeneration.
 G - a ring of willpower
 H - a +6 ring of intelligence
Talismans
 c - a beast talisman
 d - a flux talisman
 y - a flux talisman
 D - a maw talisman (active)
Wands
 t - a wand of quicksilver (22)
 A - a wand of paralysis (14)
 F - a wand of polymorph (7)
 L - a wand of iceblast (1)
 O - a wand of flame (4)
 Q - a wand of mindburst (12)
Scrolls
 b - 5 scrolls of immolation
 e - 6 scrolls of enchant armour
 j - 3 scrolls of blinking
 k - a scroll of fear
 l - 3 scrolls of poison
 m - 2 scrolls of fog
 u - 3 scrolls of amnesia
 v - 2 scrolls of noise
 w - a scroll of vulnerability {unknown}
 B - 3 scrolls of revelation
 K - 3 scrolls of enchant weapon {unknown}
 M - a scroll of identify
 P - a scroll of butterflies
 U - a scroll of silence {unknown}
 V - a scroll of brand weapon {unknown}
Potions
 f - 2 potions of haste {unknown}
 h - 3 potions of attraction
 n - 3 potions of curing {unknown}
 p - 2 potions of might {unknown}
 s - 3 potions of heal wounds {unknown}
 x - 3 potions of brilliance {unknown}
 z - a potion of lignification
 I - 2 potions of magic {unknown}
 J - a potion of enlightenment {unknown}
 R - a potion of berserk rage {unknown}
 T - 2 potions of ambrosia


   Skills:
 - Level 7.3 Fighting
 - Level 5.4 Dodging
 + Level 10.7 Unarmed Combat
 - Level 15.0 Shapeshifting


You had 11 spell levels left.
You didn't know any spells.
Your spell library contained the following spells:

 Spells                   Type           Power      Damage    Failure   Level
 Apportation              Tloc           0%         N/A       45%         1
 Necrotise                Necr           0%         1d4       45%         1
 Summon Small Mammal      Summ           0%         N/A       45%         1
 Jinxbite                 Hex            0%         N/A       58%         2
 Sublimation of Blood     Necr           0%         N/A       58%         2
 Dazzling Flash           Conj/Hex       0%         N/A       83%         3
 Tukima's Dance           Hex            0%         N/A       83%         3
 Volatile Blastmotes      Fire/Tloc      0%         2d10      83%         3
 Fulminant Prism          Conj/Hex       0%         3d5       99%         4
 Iskenderun's Mystic Bla  Conj/Tloc      0%         2d3       99%         4
 Passage of Golubria      Tloc           0%         N/A       99%         4
 Petrify                  Tmut/Erth      0%         N/A       99%         4
 Alistair's Intoxication  Tmut/Pois      0%         N/A       100%        5
 Irradiate                Conj/Tmut      0%         3d11      100%        5
 Yara's Violent Unravell  Hex/Tmut       0%         3d3       100%        5
 Starburst                Conj/Fire      0%         6d3       100%        6
 Maxwell's Capacitive Co  Air            0%         ∞         100%        8


Dungeon Overview and Level Annotations

Branches:
Dungeon (13/15)            Temple (1/1) D:5            Lair (2/5) D:11
    Orc (1/2) D:12
  Swamp: Lair:2-3    Shoals: Lair:2-3     Snake: Lair:2-3    Spider: Lair:2-3
 Vaults: D:13-14

Altars:
Ashenzari
Cheibriados
Dithmenos
Elyvilon
Fedhas
Gozag
Hepliaklqana
Kikubaaqudgha
Makhleb
Nemelex Xobeh
Okawaru
Qazlal
Ru
Sif Muna
Trog
Uskayaw
Vehumet
Wu Jian
Xom
Yredelemnul
Zin
The Shining One

Shops:
D:2 =   D:6 *

Annotations:
Lair:1 exclusion: oklob plant
Lair:2 Amaemon


Innate Abilities, Weirdness & Mutations

You are a creature with a mouth for a stomach.
Your midsection houses a second, enormous mouth.
You are too large for most types of armour.
You have claws for hands.
Your natural rate of healing is unusually fast.
You are covered in fur. (AC +1)
You have tough skin. (AC +1)


Message History

You scratch Amaemon. Your bite misses Amaemon.
Amaemon is severely wounded.
You feel very sick.
Amaemon casts a spell.
The orange demon stings you from afar.
You are more poisoned.
The orange demon poisons you!
Unknown command.
There is nothing to wall jump against here.
You mangle Amaemon!!
Amaemon is almost dead.
You feel very sick.
Amaemon hits you with a -1 demon whip of venom!
* * * LOW HITPOINT WARNING * * *
You are lethally poisoned!
Amaemon barely misses you.
Amaemon tail-slaps you but does no damage.
* * * LOW HITPOINT WARNING * * *
You feel extremely sick. The scorpion stings you.
* * * LOW HITPOINT WARNING * * *
It was a potion of attraction.
You feel attractive to monsters.
* * * LOW HITPOINT WARNING * * *
You feel extremely sick. The scorpion stings you.
* * * LOW HITPOINT WARNING * * *
Amaemon casts a spell at the scorpion.
The scorpion seems to grow toxic.
It was a potion of ambrosia.
You are confused.
You feel invigorated.
* * * LOW HITPOINT WARNING * * *
You feel extremely sick.
The scorpion stings you but does no damage.
Amaemon hits you with a -1 demon whip of venom!
* * * LOW HITPOINT WARNING * * *
You are more poisoned.
Amaemon claws you.
You die...

..............#
.............#####
....>........##.( ##...
.............##.# ....P
............#.#.# #...#
...........†.#..## ...#
............###..####...##
............#
##s6#......##
...........## #W#.Y.P.P..#
.........### ####.4......#
#..##.###.# #.........>..
##.†### ## #............
#.6## ### #.#...........
#.F.## ##.### ##..$.......
##...###<.F.## ##.........
##.§FF6....P# ..........
#...........# ###P.......


You could see Amaemon and a scorpion (summoned, curare).

Vanquished Creatures
  Erolcha (D:12)
  2 boulder beetles
  3 two-headed ogres (D:12)
  A tengu warrior (D:13)
  An orc knight (D:12)
  2 deep elf pyromancers
  2 ugly things
  5 cyclopes (D:12)
  A manticore (D:12)
  A black mamba (Lair:1)
  3 cane toads (Lair:1)
  2 gargoyles
  2 kobold demonologists
  2 komodo dragons (Lair:1)
  3 trolls
  4 blink frogs (Lair:2)
  3 hornets (D:8)
  2 shadows
  Sigmund (D:6)
  2 slime creatures (D:12)
  23 yaks
  A basilisk (Lair:1)
  3 wraiths
  2 humans (D:13)
  8 vampire mosquitoes
  3 steam dragons
  Edmund (D:6)
  8 water moccasins
  An acid dragon (D:13)
  5 orc warriors
  2 black bears
  4 centaurs
  3 ogres
  5 phantoms
  2 kobold brigands
  8 bullfrogs
  A gnoll sergeant (D:9)
  7 scorpions
  3 wights (D:8)
  A howler monkey (D:8)
  4 hounds
  3 jellies
  5 orc priests
  4 iguanas (D:5)
  A sleepcap (D:7)
  7 orc wizards
  4 gnolls
  14 adders
  A white imp (D:7)
  2 ufetubi
  6 worms
  A dart slug (D:3)
  16 orcs
  12 ball pythons
  11 endoplasms
  3 giant cockroaches
  8 goblins
  2 hobgoblins (D:1)
  23 kobolds
  2 quokkas (D:1)
  2 frilled lizards
  9 rats
274 creatures vanquished.

Notes
Turn   | Place    | Note
-------+----------+-------------------------------------------
     0 | D:1      | Leeroy the Troll Shapeshifter began the quest for the Orb.
     0 | D:1      | Reached XP level 1. HP: 18/18 MP: 0/0
    91 | D:1      | Reached XP level 2. HP: 26/26 MP: 1/1
   297 | D:1      | Reached XP level 3. HP: 32/32 MP: 2/2
   830 | D:2      | Reached skill level 1 in Fighting
   929 | D:2      | Found Tumiuhio's Jewellery Emporium.
  1082 | D:2      | Reached XP level 4. HP: 40/42 MP: 3/3
  1500 | D:3      | Found a faded altar of an unknown god.
  1927 | D:3      | Found a sacrificial altar of Ru.
  1977 | D:4      | Noticed a scorpion
  1977 | D:4      | Noticed an ogre
  2018 | D:3      | Killed a scorpion
  2019 | D:3      | Reached skill level 4 in Shapeshifting
  2019 | D:3      | Reached XP level 5. HP: 33/52 MP: 4/4
  2103 | D:4      | Noticed a phantom
  2110 | D:4      | Killed a phantom
  2111 | D:4      | Reached skill level 5 in Shapeshifting
  2111 | D:4      | Reached XP level 6. HP: 54/59 MP: 5/5
  2302 | D:4      | Found a shimmering altar of Xom.
  2339 | D:4      | Reached skill level 6 in Shapeshifting
  2495 | D:4      | Reached XP level 7. HP: 66/66 MP: 6/6
  2678 | D:5      | Entered Level 5 of the Dungeon
  2739 | D:5      | Found a burning altar of Makhleb.
  2825 | D:5      | Reached skill level 7 in Shapeshifting
  2878 | D:5      | Found a glowing golden altar of the Shining One.
  2892 | D:5      | Found a radiant altar of Vehumet.
  2961 | D:5      | Reached skill level 8 in Shapeshifting
  2961 | D:5      | Reached XP level 8. HP: 49/74 MP: 7/7
  3015 | D:5      | Found a staircase to the Ecumenical Temple.
  3026 | Temple   | Entered the Ecumenical Temple
  3052 | Temple   | Became a worshipper of the Wu Jian Council
  3423 | D:5      | Reached skill level 9 in Shapeshifting
  3810 | D:6      | Noticed Sigmund
  3820 | D:6      | Killed Sigmund
  3842 | D:6      | Noticed Edmund
  3860 | D:6      | HP: 1/74 [Edmund/+4 flail of protection (7)]
  3861 | D:6      | Killed Edmund
  3862 | D:6      | Reached skill level 10 in Shapeshifting
  4018 | D:6      | Reached XP level 9. HP: 62/80 MP: 8/8
  4043 | D:6      | Found Direb's Fire Supplies.
  4276 | D:6      | Reached skill level 5 in Unarmed Combat
  4469 | D:7      | Identified the amulet "Agulaf" {rN+ Regen+}
  4804 | D:7      | Identified the +0 chain mail of Agnosticism {Dex+2}
  5415 | D:8      | Reached * piety under Wu Jian
  5432 | D:8      | Noticed a two-headed ogre
  6057 | D:8      | Reached XP level 10. HP: 86/89 MP: 9/9
  6745 | D:9      | Noticed a gargoyle
  6785 | D:9      | Reached skill level 10 in Unarmed Combat
  6858 | D:10     | Entered Level 10 of the Dungeon
  6900 | D:10     | Noticed a +0 dagger
  6901 | D:10     | Noticed a +0 dagger
  6907 | D:10     | Found a hide-covered altar of Uskayaw.
  6938 | D:10     | Reached ** piety under Wu Jian
  7445 | D:10     | Reached skill level 5 in Fighting
  7795 | D:11     | Noticed a boulder beetle
  8039 | D:11     | Found a staircase to the Lair.
  8109 | D:11     | Noticed a brown ugly thing
  8113 | D:11     | Killed a brown ugly thing
  8157 | Lair:1   | Entered Level 1 of the Lair of Beasts
  8158 | Lair:1   | Noticed a black mamba
  8329 | D:9      | Found a hazy altar of Hepliaklqana.
  8366 | D:9      | Killed a gargoyle
  9461 | D:12     | Noticed Erolcha
  9472 | D:12     | Killed Erolcha
  9473 | D:12     | Reached XP level 11. HP: 109/109 MP: 10/10
  9495 | D:12     | Found a staircase to the Orcish Mines.
  9579 | D:12     | Noticed a two-headed ogre
  9591 | D:12     | Killed a two-headed ogre
  9592 | D:12     | Reached skill level 11 in Shapeshifting
  9923 | D:12     | Noticed a two-headed ogre
  9932 | D:12     | Killed a two-headed ogre
  9934 | D:12     | Reached skill level 12 in Shapeshifting
 10052 | D:12     | Noticed a deep elf pyromancer
 10059 | D:12     | Killed a deep elf pyromancer
 10060 | D:12     | Noticed a boulder beetle
 10068 | D:12     | Killed a boulder beetle
 10204 | D:12     | Noticed an orc knight
 10206 | D:12     | Noticed a death knight
 10218 | D:12     | Killed an orc knight
 10219 | D:12     | Reached skill level 13 in Shapeshifting
 10290 | Orc:1    | Entered Level 1 of the Orcish Mines
 10323 | D:13     | Noticed a centaur warrior
 10388 | D:12     | Noticed a two-headed ogre
 10396 | D:12     | Killed a two-headed ogre
 10621 | D:12     | Noticed a centaur warrior
 10622 | D:12     | Noticed a red ugly thing
 10633 | D:12     | Reached XP level 12. HP: 58/118 MP: 11/11
 10677 | D:13     | Noticed a centaur warrior
 10871 | D:13     | Reached skill level 14 in Shapeshifting
 10887 | D:13     | Noticed a tengu warrior
 10902 | D:13     | Killed a tengu warrior
 10982 | D:13     | Noticed a catoblepas
 10985 | D:13     | Reached *** piety under Wu Jian
 10985 | D:13     | Noticed an ironbound frostheart
 11329 | D:11     | Killed a boulder beetle
 11548 | Lair:1   | Reached skill level 15 in Shapeshifting
 12240 | Lair:2   | Noticed Amaemon
 12306 | Lair:2   | Reached skill level 5 in Dodging
 12390 | Lair:2   | Reached **** piety under Wu Jian
 12411 | Lair:2   | HP: 1/118 [Amaemon/-1 demon whip of venom (9)]
 12411 | Lair:2   | Slain by Amaemon

Illustrated notes

Levels and vault maps discovered:
D:1:      amcnicky_arrival_choice, layout_basic, nrook_campfire,
          minmay_stone_trees_medium, lexackson_kobold_supper
D:2:      layout_loops_cross, serial_shops, nicolae_diamond_shop, corexii_shack,
          minmay_split_cup_large
D:3:      layout_rooms, lemuel_doored_altar,
          hellmonk_ecumenical_altar_crossroads
D:4:      layout_gridville, mainiacjoe_overflow_tiny_flanked,
          minmay_snake_closets
D:5:      layout_loops_corners, makhleb_heckhound_becter,
          mainiacjoe_overflow_catwalk, amcnicky_altar_gilded,
          minmay_temple_entry_arrows
D:6:      layout_basic, amcnicky_mini_pool_small, nicolae_shop_fire_sale
          [nicolae_sub_dead_trees], sigmund_edmund_badplayer
D:7:      layout_basic
D:8:      layout_basic, serial_co_window_serial, co_window_corner_a,
          co_window_paths_b, co_window_corner_a, co_window_paths_a,
          co_window_paths_a, co_window_corner_b, co_window_corner_b,
          co_window_2corner, co_window_2corner, co_window_paths_c,
          co_window_broadway_a, glass_columns_a, glass_columns_a,
          glass_columns_c, glass_columns_a, glass_columns_c
D:9:      layout_long_grid, nicolae_overflow_crystal_walls
D:10:     layout_basic, dancing_weapons_uskayaw
D:11:     layout_roguey, grunt_lair_entry_orc_guard_hut, lemuel_another_geyser
D:12:     nzn_winding_woodlands_medium [nzn_winding_woodlands_5x5_cross,
          nzn_winding_woodlands_5x15_twine, nzn_winding_woodlands_5x5_default,
          nzn_winding_woodlands_5x5_checkerboard,
          nzn_winding_woodlands_center_lodge,
          nzn_winding_woodlands_5x5_closed_star,
          nzn_winding_woodlands_hourglass, nzn_winding_woodlands_5x15_cabin,
          nzn_winding_woodlands_5x5_perimeter], layout_stronghold, uniq_erolcha
D:13:     layout_irregular_city, hellmonk_vaults_keyhole
Temple:   nicolae_temple_bog_church
Lair:1:   layout_regular_city, st_stairs_4, infiniplex_staircase_pool_2
Lair:2:   layout_cave_pods, shoals_dummy_entry, chequers_serial_rivers_micro_e,
          beast_lair_carwin_3, lemuel_fruit_tree, uniq_amaemon
Orc:1:    layout_caves, serial_shops, shop

Skill      XL: |  1  2  3  4  5  6  7  8  9 10 11 12 |
---------------+-------------------------------------+-----
Fighting       | 1 2 7 |  7.3
Shapeshifting  | 4 5 6 8 10 13 15 | 15.0
Unarmed Combat | 4 9 10 | 10.7
Dodging        | 5 |  5.4

Action                     |  1- 3 |  4- 6 |  7- 9 | 10-12 || total
---------------------------+-------+-------+-------+-------++-------
  Melee: Unarmed           |    80 |   103 |   236 |   381 ||   800
         Punch             |     1 |     1 |    11 |    33 ||    46
         Maw               |       |       |    13 |   107 ||   120
Ability: Lunge             |       |       |    12 |    25 ||    37
         Whirlwind         |       |       |    12 |    66 ||    78
         Wall Jump         |       |       |       |     5 ||     5
  Evoke: Wand              |       |       |     7 |    13 ||    20
    Use: Potion            |       |     1 |       |     2 ||     3
         Scroll            |       |       |    10 |     5 ||    15
   Stab: Sleeping          |     1 |     1 |     1 |       ||     3
         Paralysed         |       |       |     3 |       ||     3
 Armour: Animal skin       |     8 |       |       |       ||     8
         Robe              |    20 |    73 |   136 |       ||   229
         Skin              |       |    10 |    73 |   253 ||   336
  Dodge: Dodged            |    24 |    34 |    85 |   115 ||   258
   Form: Maw               |       |       |     1 |       ||     1

Table legend: (Time is in decaauts)
 A = Elapsed time spent in this place.
 B = Non-inter-level travel time spent in this place.
 C = Inter-level travel time spent in this place.
 D = Time resting spent in this place.
 E = Time spent auto-exploring this place.
 F = Levels seen in this place.
 G = Mean time per level.
                   A        B        C        D        E       F      G
               +--------+--------+--------+--------+--------+-----+--------+
         Total |  12360 |  11074 |   1286 |    903 |   8063 |  17 |  727.1 |
       Dungeon |  11396 |  10222 |   1174 |    896 |   7425 |  13 |  876.6 |
        Temple |     47 |      5 |     42 |      0 |      1 |   1 |   47.0 |
          Lair |    912 |    842 |     70 |      6 |    637 |   2 |  456.0 |
  Orcish Mines |      3 |      3 |      0 |      0 |      0 |   1 |    3.0 |
               +--------+--------+--------+--------+--------+-----+--------+

Top non-repeatable levels by time:
    D:12: 1511 daAuts
     D:8: 1247 daAuts
     D:7: 1239 daAuts
     D:5: 986 daAuts
    D:11: 958 daAuts
    D:10: 936 daAuts
  Lair:1: 809 daAuts
     D:6: 800 daAuts
     D:1: 750 daAuts
     D:9: 718 daAuts
     D:3: 664 daAuts
     D:2: 651 daAuts
     D:4: 596 daAuts
    D:13: 335 daAuts
  Lair:2: 103 daAuts
